 Dungeon Crawl Stone Soup version 0.27.1-1-g398f81649c (webtiles) character file.

Game seed: 2419093243099985685

4288 Rickety the Unseen (level 10, 0/46 HPs)
             Began as a Spriggan Enchanter on Sept 20, 2021.
             Was a Believer of Dithmenos.
             Slain by a steam dragon (4 damage)
             ... on level 8 of the Dungeon.
             The game lasted 00:28:04 (11180 turns).

Rickety the Unseen (Spriggan Enchanter)            Turns: 11180, Time: 00:28:04

Health: 0/46       AC:  5    Str: 10    XL:     10   Next: 10%
Magic:  7/20       EV: 20    Int: 18    God:    Dithmenos [**....]
Gold:   521        SH:  0    Dex: 18    Spells: 10/22 levels left

rFire    . . .     SeeInvis +   a - +0 dagger (venom)
rCold    + + .     Faith    .   (shield restricted)
rNeg     . . .     Spirit   .   u - +2 robe {rC+}
rPois    .         Reflect  .   (helmet restricted)
rElec    .         Harm     .   s - +0 cloak
rCorr    .         Rampage  .   (gloves unavailable)
Will     +....                  (boots unavailable)
Stlth    ++++++++..             (no amulet)
HPRegen  0.15/turn              G - ring of protection from cold
MPRegen  0.17/turn              I - +6 ring of strength

@: confusing by touch, wreathed by umbra, very quick
A: very small, no large weapons, unfitting armour, see invisible, speed 3
a: Renounce Religion, Shadow Step


You were on level 8 of the Dungeon.
You worshipped Dithmenos.
Dithmenos was pleased with you.
You visited 2 branches of the dungeon, and saw 9 of its levels.
You also visited: Ossuary.

You collected 521 gold pieces.

Inventory:

Hand Weapons
 a - a +0 dagger of venom (weapon)
 b - a +0 short sword of venom
 c - a +1 dagger of freezing
 o - a +1 dagger
 C - a +4 dagger
 E - a +1 dagger of draining
Missiles
 q - 8 poisoned darts
Armour
 s - a +0 cloak (worn)
 u - a +2 robe of cold resistance (worn)
Magical Staves
 v - a staff of poison
Jewellery
 G - a ring of protection from cold (left hand)
 I - a +6 ring of strength (right hand)
Wands
 m - a wand of iceblast (19)
 x - a wand of charming (9)
Scrolls
 d - a scroll of enchant weapon {unknown}
 e - 2 scrolls of noise
 h - a scroll of enchant armour {unknown}
 j - 2 scrolls of identify
 k - a scroll of brand weapon {unknown}
 l - 2 scrolls of amnesia
 n - 2 scrolls of fear
 r - a scroll of summoning {unknown}
 t - 6 scrolls of teleportation
 y - a scroll of fog {unknown}
 A - a scroll of magic mapping {unknown}
Potions
 f - 2 potions of ambrosia
 g - 4 potions of attraction
 i - a potion of mutation {unknown}
 p - 2 potions of heal wounds
 w - 2 potions of haste
 z - 5 potions of flight
 B - 4 potions of curing
 D - a potion of might {unknown}
 F - a potion of brilliance {unknown}
 H - a potion of cancellation {unknown}


   Skills:
 + Level 2.2 Fighting
 + Level 4.4 Short Blades
 + Level 5.5 Dodging
 * Level 15.6 Stealth
 + Level 6.5 Spellcasting
 + Level 6.9 Hexes
 * Level 5.4 Evocations


You had 10 spell levels left.
You knew the following spells:

 Your Spells              Type           Power      Damage    Failure   Level
a - Corona                Hex            33%        N/A       1%          1
b - Ensorcelled Hibernat  Hex/Ice        36%        N/A       4%          2
c - Confusing Touch       Hex            30%        N/A       1%          3
d - Dazzling Flash        Conj/Hex       36%        N/A       9%          3
t - Tukima's Dance        Hex            30%        N/A       1%          3

Your spell library contained the following spells:

 Spells                   Type           Power      Damage    Failure   Level
 Beastly Appendage        Tmut           10%        N/A       12%         1
 Sandblast                Erth           10%        2d5       12%         1
 Passwall                 Tmut/Erth      4%         N/A       17%         2
 Static Discharge         Conj/Air       5%         N/A       17%         2
 Gell's Gravitas          Tloc           2%         N/A       34%         3
 Teleport Other           Tloc           5%         N/A       34%         3
 Dispel Undead            Necr           5%         3d7       75%         4
 Sticky Flame             Conj/Fire      5%         2d3       75%         4
 Lee's Rapid Deconstruct  Erth           2%         3d6*      97%         5
 Dispersal                Tloc           2%         N/A       100%        6


Dungeon Overview and Level Annotations

Branches:
Dungeon (8/15)             Temple (1/1) D:6         Ossuary (visited)
   Lair: D:8-11

Altars:
Ashenzari
Cheibriados
Dithmenos
Elyvilon
Gozag
Hepliaklqana
Kikubaaqudgha
Makhleb
Nemelex Xobeh
Okawaru
Qazlal
Ru
Sif Muna
Trog
Uskayaw
Vehumet
Wu Jian
Xom
Yredelemnul
The Shining One

Annotations:
D:3 1 runed translucent door, scottley's ghost, weakling TrMo
D:6 3 exclusions


Innate Abilities, Weirdness & Mutations

You are very small and have problems with some larger weapons.
You are too small for most types of armour.
You have supernaturally acute eyesight. (SInv)
You cover ground extremely quickly. (Speed+++)


Message History

Confirm with . or Enter, or press ? or * to list all spells.
Aiming: Ensorcelled Hibernation (safe; 4% risk of failure)
Press: ? - help, Shift-Dir - straight line, f/p - orc
Aim: an orc, wielding a +0 dagger and wearing a +0 scale mail (umbra, chance to affect: 66%)
The orc looks drowsy...
The helpless orc fails to defend itself.
You skewer the orc like a kebab!!!!
You kill the orc!
Dithmenos accepts your kill.
Casting: Ensorcelled Hibernation (safe; 4% risk of failure)
Confirm with . or Enter, or press ? or * to list all spells.
Your hands begin to glow red.
The wight misses you.
You hit the wight but do no damage.
The wight appears confused.
You hit the wight but do no damage.
You catch the helpless wight completely off-guard!
You impale the wight!!
You destroy the wight!
Dithmenos accepts your kill.
There is a stone staircase leading down here.
Things that are here:
a +0 robe; a +0 dagger; a +0 scale mail The steam dragon hisses angrily.
The steam dragon breathes steam at you. The ball of steam hits you!
Casting: Confusing Touch (safe; 1% risk of failure)
Confirm with . or Enter, or press ? or * to list all spells.
Your hands begin to glow red.
You are engulfed in a cloud of scalding steam.
The steam dragon breathes steam at you. The ball of steam hits you!!
* * * LOW HITPOINT WARNING * * *
The steam dragon closely misses you. x2
You completely miss the steam dragon.
The steam dragon is lightly wounded.
You completely miss the steam dragon.
The steam dragon is lightly wounded.
The steam dragon bites you.
* * * LOW HITPOINT WARNING * * *
The steam dragon claws you.
You die...

...)....# #.# ....... ........##
#.# #........ ...o......##.#
##.........
..(.....#....###..........
#.o####...#..#..)........
...####.........#......#
#.......#..#...##......#
......###[.#....§....#
###.#..##)....#.@D...#
###...........#......############
.......#)..#.........#..........#
#####...........................#
.####...#..#.........†..........#
......####.##...................#
......####.###.........###.######
.............#.#..###.## #.#
.###.#####............####.#


You could see a steam dragon (catching breath).

Vanquished Creatures
  A deep elf zephyrmancer (D:7)
  Pikel (D:4)
  Maggie (D:6)
  A wyvern (D:8)
  3 water moccasins
  An ice beast (D:6)
  2 orc warriors
  3 ogres
  A lemure (D:4)
  A phantom (D:7)
  A kobold brigand (D:6)
  4 elf zombies (Ossuary)
  7 bullfrogs
  2 scorpions
  A water moccasin skeleton (D:6)
  4 wights
  3 centaur zombies
  2 hounds
  Crazy Yiuf (D:5)
  3 orc priests
  3 bullfrog skeletons
  3 iguanas
  7 orc wizards
  A killer bee zombie (D:6)
  3 hound zombies (Ossuary)
  A hound skeleton (D:5)
  3 mummies (Ossuary)
  2 howler monkey skeletons
  7 adders
  A shadow imp (D:5)
  A white imp (D:7)
  2 ufetubi
  4 adder zombies (Ossuary)
  5 dart slugs
  27 orcs
  6 ball pythons
  3 bats
  7 endoplasms
  3 giant cockroaches
  8 hobgoblins
  4 jackals (D:5)
  4 quokkas
  5 frilled lizards
  2 gnoll zombies (Ossuary)
  9 goblins
  A goblin zombie (Ossuary)
  2 hobgoblin zombies (Ossuary)
  3 jackal zombies (Ossuary)
  9 kobolds
  4 kobold zombies (Ossuary)
  An orc zombie (Ossuary)
  3 quokka zombies (Ossuary)
  6 rats
  5 rat zombies (Ossuary)
  A spectral kobold (D:5)
199 creatures vanquished.

Vanquished Creatures (collateral kills)
  A wight (D:8)
1 creature vanquished.

Vanquished Creatures (others)
  5 dancing weapons
  3 fungi (D:1)
8 creatures vanquished.

Grand Total: 208 creatures vanquished

Notes
Turn   | Place    | Note
-------+----------+-------------------------------------------
     0 | D:1      | Rickety the Spriggan Enchanter began the quest for the Orb.
     0 | D:1      | Reached XP level 1. HP: 9/9 MP: 5/5
    17 | D:1      | You fall into a shaft and drop 1 floor!
   236 | D:2      | Found a faded altar of an unknown god.
   351 | D:1      | Reached XP level 2. HP: 12/13 MP: 4/6
   354 | D:1      | Learned a level 2 spell: Ensorcelled Hibernation
   847 | D:1      | Reached skill level 5 in Stealth
  1582 | D:2      | Reached XP level 3. HP: 16/16 MP: 8/8
  1593 | D:2      | Learned a level 3 spell: Confusing Touch
  2163 | D:2      | Reached XP level 4. HP: 21/21 MP: 9/9
  2167 | D:2      | Learned a level 3 spell: Tukima's Dance
  2397 | D:2      | Reached skill level 6 in Stealth
  2945 | D:3      | Found a glowing golden altar of the Shining One.
  3167 | D:3      | Found a shimmering altar of Xom.
  3181 | D:3      | Found a runed translucent door.
  3181 | D:3      | Noticed scottley's ghost (weakling TrMo)
  3564 | D:3      | Reached skill level 1 in Fighting
  3564 | D:3      | Reached XP level 5. HP: 22/25 MP: 3/10
  3699 | D:3      | Found a stormy altar of Qazlal.
  3799 | D:3      | Reached skill level 7 in Stealth
  4422 | D:4      | Noticed a water moccasin
  4424 | D:4      | Killed a water moccasin
  4425 | D:4      | Reached skill level 8 in Stealth
  4425 | D:4      | Reached XP level 6. HP: 30/30 MP: 12/12
  4429 | D:4      | Learned a level 3 spell: Dazzling Flash
  4722 | D:4      | Reached skill level 9 in Stealth
  4898 | D:4      | Noticed Pikel
  4919 | D:4      | Killed Pikel
  4920 | D:4      | Reached skill level 11 in Stealth
  4920 | D:4      | Reached XP level 7. HP: 24/33 MP: 8/14
  5269 | D:5      | Entered Level 5 of the Dungeon
  5536 | D:5      | Found a hazy altar of Hepliaklqana.
  5717 | D:5      | Reached skill level 5 in Hexes
  5717 | D:5      | Reached XP level 8. HP: 36/38 MP: 12/15
  5746 | D:5      | Reached skill level 1 in Evocations
  6204 | D:5      | Found a runed translucent door.
  6205 | D:5      | Noticed Crazy Yiuf
  6212 | D:5      | Killed Crazy Yiuf
  6401 | D:6      | Reached skill level 12 in Stealth
  6412 | D:6      | Found a staircase to the Ecumenical Temple.
  6421 | Temple   | Entered the Ecumenical Temple
  6490 | Temple   | Became a worshipper of Dithmenos the Shadowed
  6855 | D:6      | Found a sand-covered staircase.
  6865 | Ossuary  | Entered an ossuary
  7230 | Ossuary  | Reached skill level 5 in Spellcasting
  7343 | Ossuary  | Reached * piety under Dithmenos
  7451 | Ossuary  | Reached skill level 13 in Stealth
  8040 | D:6      | Found a hide-covered altar of Uskayaw.
  8230 | D:6      | Reached XP level 9. HP: 41/42 MP: 13/17
  8281 | D:6      | Noticed Maggie
  8296 | D:6      | Killed Maggie
  8297 | D:6      | Reached skill level 14 in Stealth
  8631 | D:6      | Reached skill level 5 in Dodging
  8727 | D:6      | Reached ** piety under Dithmenos
  9064 | D:6      | Found a shimmering blue altar of Sif Muna.
  9592 | D:7      | Found a sacrificial altar of Ru.
  9593 | D:7      | Found a bloodstained altar of Trog.
  9594 | D:7      | Found an ancient bone altar of Kikubaaqudgha.
  9870 | D:7      | Found an opulent altar of Gozag.
 10001 | D:7      | Noticed a deep elf zephyrmancer
 10017 | D:7      | Killed a deep elf zephyrmancer
 10018 | D:7      | Reached skill level 5 in Evocations
 10208 | D:7      | Reached skill level 15 in Stealth
 10805 | D:6      | Got Sif Muna's Collected Works on Shape Shifting
 10925 | D:8      | Reached XP level 10. HP: 46/46 MP: 20/20
 11180 | D:8      | Slain by a steam dragon

Illustrated notes

Levels and vault maps discovered:
D:1:      tarquinn_simple_flora_water_f, layout_basic
D:2:      minmay_general_purpose_star, layout_basic,
          ebering_ecumenical_altar_mist, minmay_quadrilaterals
D:3:      layout_basic, nicolae_tso_carved_into_rock, xom_teletrap_fun,
          mainiacjoe_overflow_alcove_2, hellmonk_ghost_happy_afterlife
D:4:      layout_basic, minmay_puff, uniq_pikel
D:5:      layout_gridville, nicolae_hepliaklqana_monster_ancestors,
          uniq_crazy_yiuf_cottage
D:6:      layout_basic, led_sif_book, nicolae_uskayaw_dance_studio,
          minmay_temple_entry_antechambers,
          lightli_ossuary_entry_decrepit_ruins, amcnicky_mini_pool_medium,
          uniq_maggie
D:7:      layout_basic, chequers_temple_overflow_statue_of_worship,
          nicolae_gozag_seed_capital, guppyfry_early_elven_hall
D:8:      layout_rooms, grunt_ministairs_1
Temple:   compressed_dpeg_circular_temple

Skill      XL: |  1  2  3  4  5  6  7  8  9 |
---------------+----------------------------+-----
Dodging        | 3 4 5 |  5.5
Stealth        | 5 6 8 11 13 15 | 15.6
Hexes          | 4 5 6 |  6.9
Spellcasting   | 3 4 5 6 |  6.5
Fighting       | 1 2 |  2.2
Short Blades   | 2 3 4 |  4.4
Evocations     | 3 5 |  5.4

Action                   |  1- 3 |  4- 6 |  7- 9 | 10-12 || total
-------------------------+-------+-------+-------+-------++-------
Melee: Dagger            |   117 |    89 |   467 |    30 ||   703
       Short sword       |       |     4 |    47 |       ||    51
 Cast: Corona            |     7 |       |       |       ||     7
       Ensorcelled Hiber |    14 |    23 |    24 |     3 ||    64
       Confusing Touch   |     1 |     5 |    53 |     2 ||    61
       Dazzling Flash    |       |       |     2 |       ||     2
       Tukima's Dance    |       |       |     8 |     7 ||    15
  Use: Scroll            |       |       |    11 |       ||    11
       Potion            |       |       |     1 |       ||     1
 Stab: Sleeping          |    15 |    31 |    42 |     3 ||    91
       Distracted        |     1 |       |     2 |     1 ||     4
       Confused          |       |     5 |    42 |     1 ||    48
       Invisible         |       |       |     2 |       ||     2
Armor: Robe              |    12 |     4 |    61 |       ||    77
Dodge: Dodged            |    83 |    44 |   415 |    25 ||   567
